 Dungeon Crawl Stone Soup version 0.26.1-11-gd32895ea62 (webtiles) character file.

Game seed: 7135998465298162278

95 Almogavar the Sneak (level 4, -3/29 HPs)
             Began as an Octopode Brigand on May 28, 2021.
             Killed from afar by a dart slug (6 damage)
             ... with a slug dart
             ... on level 2 of the Dungeon.
             The game lasted 00:03:42 (1815 turns).

Almogavar the Sneak (Octopode Brigand)              Turns: 1815, Time: 00:03:43

Health: -3/29      AC:  1    Str: 10    XL:     4   Next: 65%
Magic:  4/4        EV: 13    Int: 13    God:
Gold:   81         SH:  0    Dex: 14    Spells: 3/3 levels left

rFire    . . .     SeeInvis .   a - +2 dagger
rCold    . . .     Faith    +   (no shield)
rNeg     . . .     Spirit   .   (helmet restricted)
rPois    .         Reflect  .   d - amulet of faith (curse)
rElec    .         Harm     .   (no ring)
rCorr    .         Rampage  .   (no ring)
Will     .....                  (no ring)
Stlth    +++++.....             (no ring)
HPRegen  0.09/turn              (no ring)
MPRegen  0.09/turn              (no ring)
                                (no ring)
                                (no ring)

@: lethally poisoned (-3 -> -5)
A: almost no armour, stealthy swim, amphibious, 8 rings, constrict 8, camouflage
1, gelatinous body 1
a: no special abilities


You were on level 2 of the Dungeon.
You visited 1 branch of the dungeon, and saw 2 of its levels.

You collected 81 gold pieces.

Inventory:

Hand Weapons
 a - a +2 dagger (weapon)
Missiles
 b - 8 poisoned darts (quivered)
 c - 2 curare-tipped darts
Jewellery
 d - a cursed amulet of faith (around mantle)
Scrolls
 e - 2 scrolls of fear
 g - a scroll of magic mapping {unknown}
 h - 3 scrolls of remove curse {unknown}
Potions
 f - 2 potions of curing {unknown}
 i - a potion of brilliance {unknown}
 j - a potion of berserk rage {unknown}


   Skills:
 + Level 2.3 Fighting
 + Level 2.3 Short Blades
 + Level 2.0 Throwing
 + Level 1.3 Dodging
 + Level 7.5 Stealth


You had 3 spell levels left.
You didn't know any spells.
Your spell library was empty.

Dungeon Overview and Level Annotations

Branches:
Dungeon (2/15)

Altars:


Innate Abilities, Weirdness & Mutations

You cannot wear most types of armour.
You are very stealthy in the water. (Stealth+)
You are amphibious.
You can wear up to eight rings at the same time.
You can use your tentacles to constrict eight enemies at once.
Your skin changes colour to match your surroundings (Stealth+).
Your rubbery body absorbs attacks. (AC +1, EV +1)


Message History

The slug dart hits you. The goblin hits you with a +0 club!
* * * LOW HITPOINT WARNING * * *
* * * LOW HITPOINT WARNING * * *
You feel sick.
You see here a scroll labelled LEAFO IZXU VESUH.
The goblin closely misses you.
* * * LOW HITPOINT WARNING * * *
You feel sick.
* * * LOW HITPOINT WARNING * * *
You feel sick.
You hit the goblin.
You kill the goblin!
The dart slug launches a dart at you. The slug dart misses you.
* * * LOW HITPOINT WARNING * * *
You feel sick.
A bat comes into view.
The dart slug launches a dart at you. The slug dart hits you.
You die...

..........#........
##.####.
.........w#)######## #.# #.
..........#.#......#
#.####.
..........w.'......#
#...... .........#.#......#
#..##.#
.........#.#.########......
........#.#............###
........#.###########.....
#........@.....# ##.###
.....##.#(####.#######....
.#.. #.... ............
#=.#.. ########.#.# #.. ###
#.#.# #.b #.#.# ##. #.#..
.. #.### #.#


You could see a dart slug and a bat (asleep).

Vanquished Creatures
  2 gnolls (D:1)
  3 adders (D:2)
  An ooze (D:1)
  2 leopard geckos (D:1)
  5 bats
  2 giant cockroaches (D:1)
  7 goblins
  7 hobgoblins (D:1)
  2 ball pythons (D:1)
  4 frilled lizards (D:1)
  4 kobolds
  3 rats
42 creatures vanquished.

Notes
Turn   | Place    | Note
-------+----------+-------------------------------------------
     0 | D:1      | Almogavar the Octopode Brigand began the quest for the Orb.
     0 | D:1      | Reached XP level 1. HP: 14/14 MP: 1/1
   115 | D:1      | Reached skill level 6 in Stealth
   115 | D:1      | Reached XP level 2. HP: 19/19 MP: 2/2
   329 | D:1      | Reached XP level 3. HP: 20/24 MP: 3/3
  1164 | D:1      | Reached skill level 7 in Stealth
  1175 | D:1      | Reached XP level 4. HP: 6/29 MP: 4/4
  1815 | D:2      | Killed from afar by a dart slug

Illustrated notes

Levels and vault maps discovered:
D:1:      eino_arrival_cavern_d, layout_basic
D:2:      layout_basic, grunt_temple_overflow_cloverleaf, lemuel_blue_sif_altar,
          okawaru_ov_weapons_minmay

Skill      XL: |  1  2  3 |
---------------+----------+-----
Stealth        | 6 7 |  7.5
Fighting       | |  2.3
Short Blades   | |  2.3
Throwing       | |  2.0
Dodging        | |  1.3

Action                   |  1- 3 |  4- 6 || total
-------------------------+-------+-------++-------
Melee: Dagger            |    62 |    20 ||    82
       Constrict         |    14 |     4 ||    18
       Tentacles         |     8 |     1 ||     9
  Use: Scroll            |       |     2 ||     2
 Stab: Sleeping          |     9 |     7 ||    16
Armor: Skin              |     3 |     1 ||     4
Dodge: Dodged            |    32 |    12 ||    44
